 Dungeon Crawl Stone Soup version 0.27-a0-1416-g941b2bd30b (webtiles) character file.

Game seed: 11238266588271780360

7 Brandom the Insei (level 2, 18/18 HPs)
             Began as an Octopode Transmuter on July 1, 2021.
             Was a Follower of Yredelemnul.
             Got out of the dungeon alive.
             The game lasted 00:00:38 (214 turns).

Brandom the Insei (Octopode Transmuter)              Turns: 214, Time: 00:00:39

Health: 18/18      AC:  1    Str:  9    XL:     2   Next: 4%
Magic:  5/5        EV: 13    Int: 15    God:    Yredelemnul [*.....]
Gold:   0          SH:  0    Dex: 12    Spells: 4/5 levels left

rFire    . . .     SeeInvis .     - Unarmed
rCold    . . .     Faith    .   (no shield)
rNeg     . . .     Spirit   .   (helmet restricted)
rPois    .         Reflect  .   (no amulet)
rElec    .         Harm     .   (no ring)
rCorr    .         Rampage  .   (no ring)
Will     .....                  (no ring)
Stlth    ++........             (no ring)
HPRegen  0.06/turn              (no ring)
MPRegen  0.09/turn              (no ring)
                                (no ring)
                                (no ring)

@: no status effects
A: almost no armour, amphibious, 8 rings, camouflage 1, gelatinous body 1,
(nimble swimmer 1), tentacles
a: Renounce Religion, Animate Remains


You escaped.
You worshipped Yredelemnul.
Yredelemnul was aware of your devotion.
You visited 1 branch of the dungeon, and saw 1 of its levels.

Inventory:

Scrolls
 a - a scroll of identify {unknown}


   Skills:
 * Level 1.4 Fighting
 + Level 2.1 Dodging
 + Level 3.0 Unarmed Combat
 + Level 2.0 Spellcasting
 + Level 2.1 Transmutations


You had 4 spell levels left.
You knew the following spells:

 Your Spells              Type           Power      Damage    Failure   Level
a - Beastly Appendage     Tmut           14%        N/A       10%         1

Your spell library contained the following spells:

 Spells                   Type           Power      Damage    Failure   Level
 Wereblood                Tmut           7%         N/A       14%         2
 Spider Form              Tmut/Pois      2%         N/A       38%         3
 Ice Form                 Ice/Tmut       4%         N/A       80%         4


Dungeon Overview and Level Annotations

Branches:
Dungeon (1/15)

Altars:
Yredelemnul


Innate Abilities, Weirdness & Mutations

You cannot wear most types of armour.
You are amphibious.
You can wear up to eight rings at the same time.
Your skin changes colour to match your surroundings (Stealth+).
Your rubbery body absorbs attacks. (AC +1, EV +1)
((You are camouflaged near water. (Stealth+)))
You have tentacles for arms and can constrict up to eight enemies at once.


Message History

The bat misses you. The bat hits you. The bat closely misses you.
You miss the bat. Your grab misses the bat. The bat closely misses you.
You tentacle-slap the bat.
You kill the bat!
The helpless dart slug fails to defend itself.
You tentacle-slap the dart slug. You grab the dart slug.
You squeeze the dart slug, but do no damage.
You constrict the dart slug. The dart slug completely misses you.
You tentacle-slap the dart slug. You squeeze the dart slug.
You kill the dart slug!
No target in view!
No target in view!
Found a whip.
A frilled lizard comes into view.
The helpless frilled lizard fails to defend itself.
You tentacle-slap the frilled lizard. You grab the frilled lizard.
You constrict the frilled lizard.
You kill the frilled lizard!
No target in view!
No target in view!
Found a plate armour.
You see here a +0 plate armour.
A bat comes into view.
The bat hits you but does no damage. The bat barely misses you.
You closely miss the bat. Your grab misses the bat.
The bat hits you but does no damage.
You tentacle-slap the bat. Your grab misses the bat. The bat barely misses you.
The bat closely misses you.
You tentacle-slap the bat but do no damage.
You grab the bat. You squeeze the bat.
You kill the bat!
You have reached level 2!
You see here a bat corpse.
You see here a bat corpse.
Found a faded altar of an unknown god.
Found a scroll labelled NORPHO KESMAPN.
Found a leather armour.
There is a faded altar of an unknown god here.
You cannot tell which god this altar belongs to.
Convert to them anyway?
Yredelemnul accepts your prayer! Yredelemnul welcomes you!
You can now animate remains.
You see here a bat corpse.
You see here a +0 plate armour.
There is a staircase leading out of the dungeon here.
You can't go down here!
Are you sure you want to leave the Dungeon?
This will make you lose the game!
You have escaped!

#.# # #.## # #..######
# #####.......### #
#.....#.#.#.#.# #
#.###..#.#.#.## ###
#.###.#.#.#.#.# #####
#..
#.##...#.#.#.####...##
#.#
#.##..#.#@#.#.##.....#
#.#
#.##...#.#.#.#.......#
#.#
#.#...#.#.#.#.##.....#
#.#
#......#.#.#.####...##
#.# ######..########
##.## #.† ........#
####...## ###
#######.# #...###.# #.
##'########.#.###.# #.
##†................#
#.


There were no monsters in sight!

Vanquished Creatures
  A dart slug (D:1)
  A ball python (D:1)
  2 bats (D:1)
  A frilled lizard (D:1)
5 creatures vanquished.

Notes
Turn   | Place    | Note
-------+----------+-------------------------------------------
     0 | D:1      | Brandom the Octopode Transmuter began the quest for the
                  | Orb.
     0 | D:1      | Reached XP level 1. HP: 13/13 MP: 3/3
   138 | D:1      | Reached XP level 2. HP: 18/18 MP: 5/5
   150 | D:1      | Found a faded altar of an unknown god.
   165 | D:1      | Became a worshipper of Yredelemnul the Dark
   165 | D:1      | Reached * piety under Yredelemnul
   214 | D:$      | Got out of the dungeon alive.

Illustrated notes

Levels and vault maps discovered:
D:1:      lightli_arrival_chessboard, layout_loops_corners,
          chequers_ecumenical_altar_island, palyth_stone_intersect

Action                   || total
-------------------------++-------
Melee: Unarmed           ||    10
       Constrict         ||     4
       Tentacles         ||     3
 Stab: Sleeping          ||     2
Armor: Skin              ||     3
Dodge: Dodged            ||    16

Table legend: (Time is in decaauts)
 A = Elapsed time spent in this place.
 B = Non-inter-level travel time spent in this place.
 C = Inter-level travel time spent in this place.
 D = Time resting spent in this place.
 E = Time spent auto-exploring this place.
 F = Levels seen in this place.
 G = Mean time per level.
                   A        B        C        D        E       F      G
               +--------+--------+--------+--------+--------+-----+--------+
         Total |    213 |    213 |      0 |      0 |    127 |   1 |  213.0 |
       Dungeon |    213 |    213 |      0 |      0 |    127 |   1 |  213.0 |
               +--------+--------+--------+--------+--------+-----+--------+

Top non-repeatable levels by time:
     D:1: 213 daAuts
